 Seeded DCSS version 0.29.0-13-gc9e81de378 (webtiles) character file.

Game seed: 12659504984886773333 (custom seed)

4 NinjaNoafa the Magician (level 1, -5/15 HPs)
             Began as a Djinni Venom Mage on Sept 9, 2022.
             Frozen to death by an endoplasm (7 damage)
             ... on level 1 of the Dungeon.
             The game lasted 00:00:35 (56 turns).

NinjaNoafa the Magician (Djinni Venom Mage)           Turns: 56, Time: 00:00:36

Health: -5/15      AC:  2    Str:  7    XL:     1   Next: 77%
Gold:   14         EV: 12    Int: 16    God:
                   SH:  0    Dex: 13

rFire   + + .      SeeInvis .   b - staff of poison
rCold   x . .      Faith    .   (no shield)
rNeg    . . .      Spirit   .   a - +0 robe
rPois   ∞          Reflect  .   (no helmet)
rElec   .          Harm     .   (no cloak)
rCorr   .          Rampage  .   (no gloves)
Will    .....                   (boots unavailable)
Stlth   ++........              (no amulet)
HPRegen 0.05/turn               (no ring)
MPRegen 0.00/turn               (no ring)

@: flying
A: sickness immunity, fire resistance 2, cold vulnerability 1, float, innate
caster, HP casting, extra vitality 1
a: no special abilities


You were on level 1 of the Dungeon.
You visited 1 branch of the dungeon, and saw 1 of its levels.

You collected 14 gold pieces.

Inventory:

Armour
 a - a +0 robe (worn)
Magical Staves
 b - a staff of poison (weapon)


   Skills:
 - Level 2.1 Dodging
 - Level 1.5 Stealth
 + Level 2.6 Spellcasting


You couldn't memorise any spells.
You knew the following spells:

 Your Spells              Type           Power      Damage    Failure   Level
a - Sting                 Tmut/Pois      64%        1d6       6%          1
b - Poisonous Vapours     Pois/Air       32%        N/A       10%         2
c - Mephitic Cloud        Conj/Pois/Air  16%        N/A       19%         3
d - Olgreb's Toxic Radia  Pois           16%        N/A       54%         4
Your spell library was empty.

Dungeon Overview and Level Annotations

Branches:
Dungeon (1/15)

Altars:


Innate Abilities, Weirdness & Mutations

You are immune to sickness and miasma.
You are immune to poison.
Your flesh is very heat resistant. (rF++)
You are vulnerable to cold. (rC-)
You float through the air rather than walking.
You learn spells naturally, not from books.
Your magical power is your life essence.
You have superior vitality. (+4 MHP)


Message History

You kill the bat!
A kobold and an endoplasm come into view.
The kobold shouts!
A bat comes into view.
An endoplasm comes into view.
Found 17 gold pieces and 3 poisoned darts.
Found a stone staircase leading down.
Found a pink potion.
The kobold misses you.
You feel a surge of power!
The sting hits the kobold.
The kobold is poisoned.
You kill the kobold!
The endoplasm quivers.
The bat closely misses you.
You feel a surge of power!
The sting hits the endoplasm.
The endoplasm partially resists.
The endoplasm is moderately wounded.
The endoplasm closely misses you.
You feel a surge of power!
The sting hits the endoplasm.
The endoplasm partially resists.
The endoplasm is poisoned.
The endoplasm is heavily wounded.
The endoplasm freezes you.
You are frozen.
You feel a terrible chill!
* * * LOW HITPOINT WARNING * * *
You are too injured to fight recklessly!
You hit the endoplasm.
You kill the endoplasm!
The bat closely misses you. The bat hits you but does no damage.
The endoplasm hits you but does no damage.
The bat barely misses you.
You see here a +0 short sword.
You aren't carrying any potions.
You aren't carrying any scrolls.
You hit the endoplasm.
The endoplasm is lightly wounded.
The bat completely misses you. The bat barely misses you.
The endoplasm closely misses you.
You hit the endoplasm.
The endoplasm is heavily wounded.
The bat barely misses you. The endoplasm barely misses you.
The endoplasm freezes you.
You are frozen!
You feel a terrible chill!
You die...

. ###.......# ..
.........######
................#
#.###.##.#####.#
.
#..............#
)÷
###.....#####..#
.. #..†#.#!#.# ##
#...#.#b(.#
#...#.@...#
.....#.#J..#
..###.#.#[#.#
...# #...### #
..# #.... #.
..#.. #.>###. #..
. #. .#


You could see an endoplasm and a bat.

Vanquished Creatures
  An endoplasm (D:1)
  A hobgoblin (D:1)
  A bat (D:1)
  A kobold (D:1)
  A rat (D:1)
5 creatures vanquished.

Notes
Turn   | Place    | Note
-------+----------+-------------------------------------------
     0 | D:1      | NinjaNoafa the Djinni Venom Mage began the quest for the
                  | Orb.
     0 | D:1      | NinjaNoafa set off with the following spells memorised:
                  | Sting, Poisonous Vapours, Mephitic Cloud, Olgreb's Toxic
                  | Radiance.
     0 | D:1      | Reached XP level 1. HP: 15/15 MP: 0/0
    56 | D:1      | Frozen to death by an endoplasm

Illustrated notes

Levels and vault maps discovered:
D:1:      amcnicky_arrival_wind_blow, layout_rooms, serial_park_tiny_2,
          minmay_split_cup_large

Action                   || total
-------------------------++-------
Melee: Staff             ||     3
 Cast: Sting             ||     8
Armor: Robe              ||     2
Dodge: Dodged            ||    11
